Map: Port Aleksander LE

Players

Nerchio

  • Race: Zerg Zerg
  • League: Grandmaster
  • Spawn Location: 11:00

PtitDrogo - Winner!

  • Race: Protoss Protoss
  • League: Grandmaster
  • Spawn Location: 5:00

Event: 2019 WCS Winter Europe

VOD

Have the link to the VOD?

Description

Time

  • Played on: Feb. 7, 2019, 10:49 a.m.
  • Length: 14:16

All games in this series

Show
View Real Time Build Order
Export as new Build Order

Nerchio Zerg 

Build Orders: Hatch First, Roach Hydra 

Get SALT Encoding   

  12  0:00  Drone  
  13  0:12  Overlord  
  13  0:18  Drone  
  14  0:31  Drone x2  
  16  0:50  Hatchery  
  16  0:53  Drone  
  16  0:57  Drone  
  16  1:00  Drone  
  18  1:11  Extractor  
  18  1:16  Spawning Pool  
  16  1:20  Drone  
  16  1:23  Drone  
  18  1:29  Drone  
  19  1:38  Overlord  
  19  1:49  Drone  
  20  2:03  Queen x2  
  20  2:04  Zergling x2  
  20  2:06  Zergling x2  
  26  2:13  Metabolic Boost  
  26  2:16  Drone  
  26  2:19  Drone  
  26  2:22  Drone  
  29  2:24  Drone  
  30  2:32  Drone  
  30  2:33  Drone  
  32  2:46  Hatchery  
  32  2:51  Overlord  
  31  2:57  Queen  
  33  3:02  Drone  
  33  3:03  Drone  
  35  3:07  Drone  
  35  3:10  Drone x2  
  38  3:13  Drone x2  
  38  3:18  Overlord  
  40  3:20  Drone  
  40  3:23  Drone  
  40  3:24  Drone  
  43  3:28  Overlord  
  43  3:32  Overlord  
  43  3:36  Zergling x4  
  45  3:41  Zergling x2  
  45  3:44  Spore Crawler  
  45  3:46  Overlord  
  45  3:48  Drone x2  
  47  3:53  Drone  
  47  3:55  Drone  
  49  3:56  Queen  
  49  4:00  Spore Crawler  
  49  4:02  Drone  
  51  4:04  Drone  
  51  4:07  Spore Crawler  
  51  4:08  Drone  
  51  4:09  Drone  
  53  4:15  Drone x3  
  53  4:16  Drone  
  57  4:24  Roach Warren  
  57  4:26  Spore Crawler  
  57  4:27  Drone x3  
  60  4:31  Drone x3  
  60  4:36  Drone  
  60  4:37  Drone x2  
  64  4:41  Lair  
  63  4:49  Zergling x2  
  63  4:50  Drone x5  
  68  4:58  Overlord, Extractor  
  68  4:59  Overlord, Extractor  
  66  5:03  Overlord x2  
  66  5:04  Extractor  
  65  5:13  Queen  
  66  5:17  Roach x6  
  66  5:18  Roach  
  80  5:24  Roach  
  80  5:25  Roach x3  
  88  5:42  Spore Crawler  
  88  5:44  Spore Crawler  
  88  5:46  Queen  
  88  5:47  Queen  
  88  5:49  Spore Crawler, Queen  
  88  5:52  Drone  
  88  5:53  Drone x7  
  88  5:56  Drone x2  
  94  6:06  Zergling x12  
  98  6:13  Zergling x10  
  98  6:17  Zergling x4  
  105  6:23  Overlord  
  105  6:24  Overlord  
  105  6:26  Overlord  
  105  6:32  Glial Reconstitution  
  105  6:33  Hydralisk Den  
  105  6:35  Evolution Chamber  
  97  6:50  Zergling x14  
  98  6:56  Queen x3  
  95  7:04  Drone x10  
  97  7:14  Grooved Spines  
  93  7:16  Drone  
  93  7:17  Extractor, Drone x4  
  97  7:25  Zerg Missile Weapons Level 1  
  97  7:26  Extractor  
  96  7:30  Hydralisk x2  
  96  7:31  Hydralisk x2  
  104  7:37  Hydralisk  
  104  7:41  Hydralisk x2  
  104  7:42  Hydralisk x2  
  114  7:54  Drone x7  
  121  8:00  Overlord  
  121  8:03  Hatchery  
  121  8:05  Pneumatized Carapace  
  120  8:17  Hydralisk x4  
  128  8:21  Overlord x3  
  128  8:25  Muscular Augments  
  128  8:30  Infestation Pit  
  128  8:32  Baneling Nest  
  128  8:33  Drone x7  
  133  8:47  Overlord  
  133  8:48  Overlord  
  133  8:52  Extractor  
  132  8:57  Zergling x16  
  139  9:03  Drone x2  
  139  9:04  Drone x2  
  139  9:08  Drone x5  
  141  9:12  Extractor, Drone  
  141  9:13  Drone x2  
  141  9:16  Overseer  
  143  9:18  Drone x2  
  143  9:20  Zerg Missile Weapons Level 2, Hive  
  145  9:29  Centrifical Hooks  
  145  9:38  Spore Crawler  
  145  9:41  Zergling x24  
  152  9:53  Drone x2  
  152  9:54  Drone  
  152  9:58  Spore Crawler  
  152  10:02  Baneling x23  
  152  10:03  Baneling x5  
  152  10:12  Spire  
  152  10:13  Spore Crawler  
  150  10:15  Hydralisk  
  150  10:16  Hydralisk x2  
  155  10:28  Overlord x2  
  155  10:40  Drone x3  
  155  10:41  Drone  
  152  10:50  Hydralisk x8  
  167  10:58  Hatchery  
  167  11:01  Hydralisk x5  
  167  11:03  Overseer  
  176  11:16  Overlord  
  176  11:23  Zergling x16  
  176  11:24  Overlord  
  165  11:44  Hydralisk x11  
  173  11:47  Hydralisk  
  173  11:49  Hydralisk  
  173  11:50  Hydralisk  
  153  11:56  Hydralisk x2  
  153  12:04  Zergling x2  
  153  12:05  Zergling x8  
  153  12:08  Zergling x6  
  150  12:09  Zergling x6  
  150  12:15  Zergling x10  
  149  12:20  Zergling x8  
  149  12:29  Hydralisk x3  
  133  12:33  Hydralisk  
  130  12:38  Drone x4  
  130  12:40  Drone  
  130  12:41  Drone  
  135  12:52  Hatchery  
  134  13:02  Greater Spire  
  134  13:03  Zergling x4  
  134  13:04  Zergling x6  
  134  13:05  Zergling x2  
  140  13:11  Zergling x6  
  143  13:16  Overseer  
  143  13:22  Infestor  
  143  13:23  Infestor x2  
  138  13:38  Zergling x6  
  138  13:39  Baneling x2  
  138  13:40  Baneling x15  
  139  13:45  Corruptor  
Show
View Real Time Build Order
Export as new Build Order

PtitDrogo Protoss - Winner!

Build Orders: 1 Gate Expand, Oracle Opening, Phoenix Opening, Chargelot Immortal, Mass Phoenix 

Get SALT Encoding   

  12  0:00  Probe  
  13  0:13  Probe  
  14  0:20  Pylon  
  14  0:25  Probe  
  15  0:34  Probe  
  16  0:42  Probe  
  16  0:44  Gateway  
  16  0:48  Assimilator  
  17  0:52  Probe  
  18  1:05  Probe  
  19  1:17  Probe  
  20  1:26  Nexus  
  20  1:36  Cybernetics Core  
  20  1:40  Probe  
  20  1:47  Assimilator  
  21  1:52  Probe  
  22  1:55  Pylon  
  22  2:03  Adept  
  22  2:04  Probe  
  25  2:16  Probe  
  25  2:19  Stargate  
  26  2:27  Warp Gate  
  26  2:28  Probe  
  27  2:33  Adept  
  27  2:34  Probe  
  27  2:36  Probe  
  29  2:42  Probe  
  31  2:44  Probe  
  33  2:52  Probe  
  33  2:55  Probe  
  33  2:57  Phoenix  
  35  3:05  Probe  
  38  3:08  Probe  
  38  3:10  Pylon  
  39  3:17  Probe  
  39  3:19  Oracle  
  40  3:20  Probe  
  40  3:25  Assimilator  
  44  3:29  Assimilator, Probe  
  44  3:32  Probe  
  46  3:36  Gateway  
  46  3:42  Probe  
  46  3:44  Probe  
  48  3:51  Pylon  
  48  3:53  Stargate  
  48  3:54  Probe  
  49  3:56  Probe  
  50  4:03  Phoenix  
  50  4:06  Probe  
  50  4:08  Probe  
  54  4:14  Pylon  
  54  4:18  Probe, Pylon  
  54  4:20  Probe  
  54  4:22  Phoenix  
  56  4:28  Phoenix  
  56  4:30  Probe  
  59  4:32  Zealot  
  63  4:43  Phoenix  
  63  4:47  Phoenix  
  63  4:49  Probe  
  66  4:55  Zealot x2  
  66  4:58  Probe  
  73  5:01  Probe  
  74  5:08  Phoenix  
  74  5:11  Phoenix  
  78  5:16  Nexus  
  78  5:21  Pylon  
  78  5:23  Pylon  
  78  5:32  Robotics Facility  
  78  5:36  Robotics Facility  
  78  5:39  Probe x2  
  78  5:40  Sentry x2  
  84  5:51  Probe x2  
  84  5:53  Phoenix x2  
  90  6:03  Probe x2  
  90  6:15  Probe x2, Twilight Council  
  90  6:16  Forge  
  92  6:20  Immortal  
  92  6:21  Immortal  
  92  6:27  Probe  
  92  6:29  Probe x2  
  92  6:30  Pylon  
  103  6:35  Probe, Pylon  
  95  6:47  Probe  
  95  6:49  Zealot x2  
  97  6:57  Probe  
  97  7:00  Probe  
  95  7:02  Immortal  
  95  7:05  Immortal  
  102  7:10  Protoss Ground Weapons Level 1  
  100  7:17  Zealot  
  100  7:19  Nexus  
  100  7:21  Charge  
  102  7:26  Probe  
  103  7:30  Templar Archives  
  103  7:33  Probe  
  104  7:40  Probe  
  104  7:43  Assimilator  
  104  7:44  Observer, Assimilator  
  106  7:45  Probe  
  106  7:46  Warp Prism  
  109  7:52  Probe  
  109  7:57  Psionic Storm  
  110  8:01  Pylon  
  110  8:03  Pylon  
  110  8:07  Gateway x2  
  110  8:16  Pylon  
  110  8:19  Probe  
  111  8:22  High Templar x2, Shield Battery  
  115  8:33  Gateway  
  115  8:36  Probe  
  115  8:37  Gateway  
  116  8:43  Gateway  
  116  8:45  Immortal  
  120  8:52  Protoss Ground Weapons Level 2  
  120  8:55  High Templar x2  
  120  9:00  Pylon  
  124  9:09  High Templar x2  
  128  9:16  Pylon  
  126  9:18  Pylon  
  126  9:19  Photon Cannon  
  126  9:22  Photon Cannon  
  126  9:23  Pylon  
  126  9:24  Pylon  
  126  9:29  Gateway  
  126  9:30  Zealot  
  126  9:31  Zealot  
  130  9:44  High Templar x2  
  130  9:45  Zealot x2  
  138  9:46  Immortal  
  138  9:48  Pylon  
  140  9:58  Zealot  
  140  9:59  Zealot x2  
  147  10:00  Nexus  
  147  10:05  Pylon  
  146  10:08  Gateway  
  146  10:10  Gateway  
  146  10:15  Zealot  
  146  10:17  High Templar x2  
  146  10:18  High Templar  
  152  10:22  High Templar, Archon  
  152  10:27  Archon  
  154  10:28  Pylon  
  154  10:31  High Templar x2  
  154  10:34  Zealot  
  154  10:35  Archon  
  160  10:39  Probe x2  
  162  10:42  Photon Cannon  
  162  10:44  Assimilator  
  162  10:48  Assimilator  
  160  10:50  Zealot x4  
  168  11:04  Zealot x4  
  168  11:05  Zealot x2  
  168  11:10  High Templar  
  168  11:11  High Templar x3  
  188  11:15  Archon x2  
  186  11:27  Zealot x5  
  154  11:50  Zealot x7  
  145  12:09  Immortal x2  
  149  12:17  Zealot x6  
  149  12:18  Zealot x3  
  149  12:21  Probe  
  147  12:24  Probe  
  142  12:30  Probe  
  142  12:34  Fleet Beacon  
  142  12:35  Probe  
  134  12:37  Probe  
  134  12:39  High Templar  
  134  12:40  High Templar x3  
  133  12:45  High Templar x4  
  133  12:47  High Templar  
  133  12:49  Archon x2  
  143  12:51  High Templar  
  143  12:55  Archon  
  143  12:57  Warp Prism  
  145  13:00  Observer  
  145  13:04  Photon Cannon  
  145  13:12  Zealot  
  150  13:13  Zealot  
  150  13:15  Pylon  
  150  13:16  Dark Shrine  
  150  13:19  Zealot x4  
  144  13:43  Nexus  
  144  13:46  Pylon  
  152  13:56  High Templar x2  
  152  13:57  Zealot x4, High Templar x2  
  152  13:58  Zealot  
  152  14:01  Archon x2  
Tags
 
Add a new tag
Caveats
  • Supply blocks, unpowered buildings, or Contaminate may cause inaccurate times.
  • Supply counts are checked every 10 seconds.